 Dungeon Crawl Stone Soup version 0.25-a0-426-g7d9e569eea (webtiles) character file.

Game seed: 3001550823914572120, levelgen mode: deterministic

3944 Eurus the Thaumaturge (level 10, -9/70 HPs)
             Began as a Mummy Conjurer on Jan 25, 2020.
             Was a Believer of Ashenzari.
             Shot with an arrow by a centaur warrior (17 damage)
             ... on level 9 of the Dungeon.
             The game lasted 00:39:51 (14413 turns).

Eurus the Thaumaturge (Mummy Conjurer)             Turns: 14413, Time: 00:39:52

Health: -9/70      AC:  5    Str: 12    XL:     10   Next: 1%
Magic:  23/23      EV: 13    Int: 17    God:    Ashenzari [**....]
Gold:   209        SH:  5    Dex: 13    Spells: 21/28 levels left

rFire    x . .     SeeInvis .   j - +9 spear of the Beast {vorpal, rPois} (curse)
rCold    + + .     Gourm    .   m - +0 buckler
rNeg     + + +     Faith    .   g - +2 robe {rC+}
rPois    ∞         Spirit   .   (no helmet)
rElec    .         Reflect  .   (no cloak)
rCorr    .         Harm     .   (no gloves)
MR       +....                  t - +0 pair of boots
Stlth    ++........             (no amulet)
HPRegen  0.21/turn              (no ring)
MPRegen  0.18/turn              (no ring)

@: no status effects
A: no food or potions, fire vulnerability, cold resistance 1, negative energy
resistance 3, torment resistance, unbreathing
a: Curse Item, Scrying, Renounce Religion


You were on level 9 of the Dungeon.
You worshipped Ashenzari.
Ashenzari was pleased with you.
You were not hungry.

You visited 2 branches of the dungeon, and saw 10 of its levels.

You collected 342 gold pieces.
You spent 133 gold pieces at shops.

Inventory:

Hand Weapons
 e - a +2 quarterstaff of protection
 j - the cursed +9 spear of the Beast (weapon) {vorpal, rPois}
   (You found it on level 7 of the Dungeon)

   It inflicts extra damage upon your enemies.
   It protects you from poison.
   It has a curse placed upon it.
 n - a +2 dagger of venom
Armour
 g - a +2 robe of cold resistance (worn)
 k - a +1 leather armour of fire resistance
 m - a +0 buckler (worn)
 r - the +6 plate armour of Biqamam {*Drain rC+ Int+9 Dex+6}
   (You found it on level 8 of the Dungeon)

   It affects your intelligence (+9).
   It affects your dexterity (+6).
   It protects you from cold.
   It causes draining when unequipped.
 t - a +0 pair of boots (worn)
Jewellery
 b - an uncursed ring of fire
Wands
 c - a wand of enslavement (8)
Scrolls
 d - 8 scrolls of identify
 f - a scroll of amnesia
 h - 2 scrolls of remove curse
 i - a scroll of fog
 l - 2 scrolls of enchant weapon
 o - 3 scrolls of blinking
 p - 2 scrolls of magic mapping
 q - a scroll of fear
 s - a scroll of vulnerability {unknown}
 u - a scroll of holy word {unknown}


   Skills:
 - Level 3.0 Fighting
 + Level 2.8 Staves
 - Level 3.5 Dodging
 - Level 1.5 Stealth
 - Level 4.0 Shields
 + Level 9.9 Spellcasting
 + Level 7.5 Conjurations
 + Level 2.7 Translocations


You had 21 spell levels left.
You knew the following spells:

 Your Spells              Type           Power        Failure   Level  Hunger
a - Magic Dart            Conj           ####         1%          1    N/A
b - Searing Ray           Conj           ####..       1%          2    N/A
c - Iskenderun's Mystic   Conj/Tloc      ####....     11%         4    N/A

Your spell library contained the following spells:

 Spells                   Type           Power        Failure   Level  Hunger
 Apportation              Tloc           ###...       2%          1    N/A
 Dazzling Flash           Conj/Hex       ###...       5%          3    N/A
 Animate Skeleton         Necr           N/A          9%          1    N/A
 Corona                   Hex            #......      9%          1    N/A
 Summon Small Mammal      Summ           #...         9%          1    N/A
 Fulminant Prism          Conj/Hex       ###.......   19%         4    N/A

Dungeon Overview and Level Annotations

Branches:
Dungeon (9/15)             Temple (1/1) D:5
   Lair: D:8-11         Orc: D:9-12

Altars:
Ashenzari
Cheibriados
Dithmenos
Elyvilon
Fedhas
Gozag
Hepliaklqana
Kikubaaqudgha
Makhleb
Nemelex Xobeh
Okawaru
Qazlal
Ru
Sif Muna
Trog
Uskayaw
Vehumet
Wu Jian
Xom
Yredelemnul
Zin
The Shining One

Shops:
D:5 *   D:6 *=?(

Annotations:
D:9 Psyche


Innate Abilities, Weirdness & Mutations

You do not eat or drink.
Your flesh is vulnerable to fire.
You are immune to poison.
Your flesh is cold resistant. (rC+)
You are immune to negative energy. (rN+++)
You are immune to unholy pain and torment.
You can survive without breathing.


Message History

You feel stronger.
You see here a +0 whip.
You start resting.
Magic restored.
A centaur warrior comes into view. It is wielding a +0 short sword.
The centaur warrior shouts!
The centaur warrior unwields a +0 short sword.
The centaur warrior wields a +0 shortbow of flaming.
It bursts into flame!
The centaur warrior shoots an arrow.
You block the arrow.
The centaur warrior shoots an arrow.
The arrow hits you!! The arrow burns you!
You see here an arrow.
The centaur warrior shoots an arrow.
The arrow hits you! The arrow burns you.
You see here an arrow.
The centaur warrior shoots an arrow.
The arrow hits you!!
* * * LOW HITPOINT WARNING * * *
The arrow burns you.
* * * LOW HITPOINT WARNING * * *
You see here an arrow.
The centaur warrior shoots an arrow.
The arrow hits you!
You die...

#............# #..
#............# #..
#............# #..
#............# #..
#######............# #..
#..................# #..
######.............###..
#..................
#.@...........##...
#.(........... #...
#.(...........*#...
#............. #...
#.(........... #.†.
#..###...####. #... #..#
...# #(*#... ######c.# *
..# , #... #.......# *
,.# , #...


You could see a centaur warrior.

Vanquished Creatures
  A hippogriff (D:7)
  A yak (D:9)
  Menkaure (D:4)
  2 sky beasts
  An orc warrior (D:8)
  3 ice beasts
  3 phantoms
  2 necrophages
  7 ogres
  A crocodile (D:8)
  3 centaurs
  A big kobold (D:7)
  A bullfrog (D:9)
  2 scorpions (D:6)
  5 wights (D:8)
  3 howler monkeys
  2 bullfrog zombies
  A centaur zombie (D:8)
  2 crimson imps (D:7)
  A hound (D:5)
  4 orc priests
  A centaur skeleton (D:4)
  Jessica (D:2)
  3 iguanas
  4 orc wizards
  5 worker ants
  3 hound zombies (D:5)
  2 worker ant zombies
  A howler monkey skeleton (D:6)
  12 adders
  9 gnolls
  A shadow imp (D:8)
  An ooze (D:5)
  3 adder skeletons
  3 worms
  A dart slug (D:2)
  6 leopard geckos
  20 orcs
  5 bats
  9 giant cockroaches
  8 goblins
  10 hobgoblins
  14 jackals
  16 kobolds
  3 quokkas
  3 ball pythons
  3 frilled lizards
  3 leopard gecko skeletons (D:4)
  A leopard gecko zombie (D:7)
  2 quokka skeletons (D:5)
  A quokka zombie (D:5)
  11 rats
212 creatures vanquished.

Vanquished Creatures (others)
  2 hounds (D:4)
  An orc wizard (D:4)
  2 adders (D:4)
  A giant cockroach (D:4)
  A frilled lizard (D:4)
  A jackal skeleton (D:4)
8 creatures vanquished.

Grand Total: 220 creatures vanquished

Notes
Turn   | Place    | Note
-------+----------+-------------------------------------------
     0 | D:1      | Eurus the Mummy Conjurer began the quest for the Orb.
     0 | D:1      | Reached XP level 1. HP: 13/13 MP: 4/4
   281 | D:1      | Reached XP level 2. HP: 20/20 MP: 2/5
   285 | D:1      | Learned a level 2 spell: Searing Ray
   329 | D:1      | Reached skill level 3 in Spellcasting
   854 | D:1      | Reached skill level 1 in Fighting
  1038 | D:1      | Reached XP level 3. HP: 26/26 MP: 3/7
  2510 | D:2      | Reached XP level 4. HP: 21/32 MP: 3/9
  2630 | D:2      | Noticed Jessica
  2698 | D:2      | Found a basalt altar of Yredelemnul.
  2699 | D:2      | Killed Jessica
  3504 | D:2      | Reached XP level 5. HP: 20/38 MP: 7/10
  3754 | D:3      | Reached skill level 4 in Spellcasting
  4859 | D:3      | Reached XP level 6. HP: 33/46 MP: 4/12
  4974 | D:3      | Found a shimmering blue altar of Sif Muna.
  5407 | D:3      | Found a faded altar of an unknown god.
  5663 | D:4      | Reached skill level 5 in Spellcasting
  5925 | D:4      | Reached XP level 7. HP: 52/52 MP: 9/15
  6010 | D:4      | Noticed Menkaure
  6041 | D:4      | Killed Menkaure
  6041 | D:4      | Reached skill level 6 in Spellcasting
  6041 | D:4      | Reached skill level 5 in Conjurations
  6481 | D:4      | Found a shimmering altar of Xom.
  6957 | D:5      | Entered Level 5 of the Dungeon
  7291 | D:5      | Reached skill level 1 in Shields
  7291 | D:5      | Reached XP level 8. HP: 58/58 MP: 11/18
  7608 | D:5      | Reached skill level 7 in Spellcasting
  7697 | D:5      | Found a staircase to the Ecumenical Temple.
  7703 | Temple   | Entered the Ecumenical Temple
  7940 | Temple   | Became a worshipper of Ashenzari the Shackled
  8057 | D:5      | Found Miukh's Lightly-Used Armoury.
  9297 | D:5      | Found a bloodstained altar of Trog.
  9378 | D:5      | Reached skill level 8 in Spellcasting
  9969 | D:6      | Reached * piety under Ashenzari
 10040 | D:6      | Found Fibbug's Assorted Antiques.
 10048 | D:6      | Bought a runed quarterstaff for 133 gold pieces
 10378 | D:6      | Found Nuyxueg's Jewellery Boutique.
 10403 | D:6      | Found a blossoming altar of Fedhas.
 10564 | D:6      | Found Feimy's Magic Scroll Shop.
 10736 | D:6      | Found Efeabb's Weapon Emporium.
 10926 | D:7      | Reached XP level 9. HP: 63/63 MP: 17/21
 11223 | D:7      | Identified the +9 spear of the Beast {vorpal, rPois}
 11503 | D:7      | Learned a level 4 spell: Iskenderun's Mystic Blast
 11719 | D:7      | Reached skill level 9 in Spellcasting
 12009 | D:8      | Reached ** piety under Ashenzari
 12197 | D:8      | Reached skill level 1 in Staves
 12197 | D:8      | Reached skill level 1 in Translocations
 12403 | D:8      | Found a shadowy altar of Dithmenos.
 12403 | D:8      | Found a radiant altar of Vehumet.
 12454 | D:8      | Got the uncursed plate armour of Biqamam {*Drain rC+ Int+9
                  | Dex+6}
 13033 | D:9      | Noticed Psyche
 13575 | D:9      | Noticed a two-headed ogre
 13978 | D:9      | Found a hide-covered altar of Uskayaw.
 14326 | D:9      | Reached XP level 10. HP: 70/70 MP: 18/23
 14404 | D:9      | Noticed a centaur warrior
 14413 | D:9      | Shot with an arrow by a centaur warrior

Levels and vault maps discovered:
D:1:      dpeg_arrival_fog, layout_basic, minmay_distorted
D:2:      layout_basic, old_standard_altar, grunt_decor_fettered, uniq_jessica
D:3:      layout_basic, led_sif_pool, chequers_ecumenical_altar_grove
D:4:      layout_cave_pools, xom_confusion_cloud, first_ration, uniq_menkaure
D:5:      layout_gridville, lemuel_round_altar, minmay_temple_entry_hall,
          serial_undead, serial_undead_f, serial_undead_e, serial_undead_b,
          serial_undead_f, minmay_shop_damaged
D:6:      layout_layer_cave, fedhas_altar_fruit_tree, serial_shops,
          kennysheep_little_box, nicolae_shop_window_shopping, shop, shop,
          minmay_misc_feat_alley
D:7:      layout_basic
D:8:      layout_rooms, gammafunk_temple_overflow_wave
D:9:      layout_long_grid, eat_drink_and_be_merry_uskayaw, minivault_28,
          uniq_psyche
Temple:   minmay_temple_curvy_branch

Skill      XL: |  1  2  3  4  5  6  7  8  9 |
---------------+----------------------------+-----
Spellcasting   | 3 4 5 6 8 9 |  9.9
Fighting       | 1 2 3 |  3.0
Dodging        | 2 3 |  3.5
Conjurations   | 4 5 6 7 |  7.5
Shields        | 1 3 4 |  4.0
Staves         | 2 |  2.8
Translocations | 2 |  2.7
Stealth        | |  1.5

Action                   |  1- 3 |  4- 6 |  7- 9 | 10-12 || total
-------------------------+-------+-------+-------+-------++-------
Melee: Unarmed           |     6 |       |       |       ||     6
       Dagger            |   113 |    86 |    97 |       ||   296
       Quarterstaff      |       |       |     6 |       ||     6
       Spear             |       |       |    70 |       ||    70
 Cast: Magic Dart        |    38 |    66 |   194 |       ||   298
       Searing Ray       |     7 |    25 |    45 |       ||    77
Invok: Curse Item        |       |       |     2 |       ||     2
  Use: Scroll            |       |       |    12 |       ||    12
 Stab: Sleeping          |     1 |     1 |     2 |       ||     4
Armor: Robe              |    27 |    21 |    28 |       ||    76
Dodge: Dodged            |   108 |   107 |   136 |       ||   351
Block: Buckler           |       |       |    31 |     1 ||    32

Table legend:
 A = Non-vault XP
 B = Vault XP
 C = Vault XP percentage of total XP
 D = Non-vault monster count
 E = Vault monster count
 F = Vault count percentage of total count
                 A         B        C        D         E       F
            +---------+---------+-------+---------+---------+-------
      Total |    4446 |    1189 |  21.1 |     188 |      24 |  11.3
            +---------+---------+-------+---------+---------+-------
        D:1 |      69 |       4 |   5.5 |      39 |       2 |   4.9
        D:2 |      77 |      37 |  32.5 |      25 |       1 |   3.8
        D:3 |     287 |       0 |   0.0 |      37 |       0 |   0.0
        D:4 |     573 |     332 |  36.7 |      23 |       5 |  17.9
        D:5 |     838 |     142 |  14.5 |      15 |      10 |  40.0
        D:6 |     347 |       0 |   0.0 |      11 |       0 |   0.0
        D:7 |    1042 |       0 |   0.0 |      10 |       0 |   0.0
        D:8 |    1059 |       0 |   0.0 |      26 |       0 |   0.0
        D:9 |     154 |     674 |  81.4 |       2 |       6 |  75.0
            +---------+---------+-------+---------+---------+-------
